 Dungeon Crawl Stone Soup version 0.23.2-33-g5129a83184 (webtiles) character file.

Game seed: 15549010171332123613

7057 haesbaert the Nimble (level 10, -7/56 HPs)
             Began as a Deep Elf Fire Elementalist on July 13, 2019.
             Was a Believer of Vehumet.
             Mangled by a stone giant (24 damage)
             ... on level 9 of the Dungeon.
             The game lasted 00:57:23 (12769 turns).

haesbaert the Nimble (Deep Elf Fire Elementalist)  Turns: 12769, Time: 00:57:24

Health: -7/56      AC: 18    Str: 10    XL:     10   Next: 83%
Magic:  12/22      EV: 19    Int: 24    God:    Vehumet [**....]
Gold:   406        SH:  5    Dex: 15    Spells: 2/22 levels left

rFire    . . .     SeeInvis .   a - +2 scimitar (holy)
rCold    . . .     Gourm    .   J - +0 buckler
rNeg     . . .     Faith    .   z - +0 steam dragon scales
rPois    .         Spirit   .   e - +1 helmet
rElec    .         Reflect  .   v - +1 cloak
rCorr    .         Harm     .   A - +1 pair of gloves
MR       +....                  (no boots)
Stlth    ++........             G - amulet of the acrobat
HPRegen  0.18/turn              d - ring of fire
MPRegen  0.18/turn              o - ring of ice

@: mighty, icy armour
A: no striking features
a: Renounce Religion


You were on level 9 of the Dungeon.
You worshipped Vehumet.
Vehumet was pleased with you.
You were not hungry.

You visited 2 branches of the dungeon, and saw 10 of its levels.

You collected 406 gold pieces.

Inventory:

Hand Weapons
 a - a +2 scimitar of holy wrath (weapon)
 b - a +2 mace of holy wrath
 D - a +2 quarterstaff of chaos
Missiles
 x - 3 tomahawks (quivered)
Armour
 e - a +1 helmet (worn)
 u - a +0 robe
 v - a +1 cloak (worn)
 z - +0 steam dragon scales (worn)
 A - a +1 pair of gloves (worn)
 B - the +1 ring mail of Juoph {Str+3 Slay+2}
   (You found it on level 4 of the Dungeon)

   It affects your strength (+3).
   It affects your accuracy and damage with ranged weapons and melee attacks
   (+2).
 J - a +0 buckler (worn)
Jewellery
 d - a ring of fire (left hand)
 o - a ring of ice (right hand)
 G - an amulet of the acrobat (around neck)
Wands
 g - a wand of enslavement (2)
 i - a wand of flame (12)
 q - a wand of iceblast (18)
 F - a wand of polymorph (35)
Scrolls
 f - 7 scrolls of teleportation
 j - a scroll of identify
 l - 3 scrolls of remove curse
 r - a scroll of magic mapping
 w - a scroll of amnesia
 y - a scroll of fear
 C - a scroll of fog
 E - 4 scrolls of enchant weapon
Potions
 h - a potion of might
 k - 2 potions of flight
 m - a potion of lignification {unknown}
 n - 2 potions of haste {unknown}
 p - a potion of cancellation {unknown}
 s - 2 potions of resistance {unknown}
 t - 6 potions of curing {unknown}
 H - 2 potions of heal wounds {unknown}
Comestibles
 c - 16 rations


   Skills:
 + Level 3.5 Fighting
 + Level 10.6 Dodging
 - Level 2.4 Stealth
 - Level 4.2 Shields
 - Level 6.9 Spellcasting
 - Level 8.4 Conjurations
 - Level 4.3 Charms
 - Level 2.0 Translocations
 - Level 9.0 Fire Magic
 - Level 1.0 Ice Magic


You had 2 spell levels left.
You knew the following spells:

 Your Spells              Type           Power        Failure   Level  Hunger
a - Sticky Flame          Conj/Fire      ######..     1%          4    ###....
b - Throw Flame           Conj/Fire      ######       1%          2    None
c - Conjure Flame         Conj/Fire      ######..     1%          3    None
d - Flame Tongue          Conj/Fire      #####        1%          1    None
e - Fireball              Conj/Fire      ######....   5%          5    #####..
f - Ozocubu's Armour      Chrm/Ice       ####....     7%          3    None
h - Blink                 Tloc           N/A          4%          2    None

Your spell library contained the following spells:

 Spells                   Type           Power        Failure   Level  Hunger
 Sandblast                Erth           #.....       8%          1    None
 Magic Dart               Conj           ####         1%          1    None
 Throw Frost              Conj/Ice       #####.       1%          2    None
 Apportation              Tloc           ###...       3%          1    None
 Freeze                   Ice            ###.         4%          1    None
 Animate Skeleton         Necr           N/A          8%          1    None
 Confusing Touch          Hex            #.....       8%          1    None
 Summon Small Mammal      Summ           #...         8%          1    None
 Call Imp                 Summ           #.......     11%         2    None
 Slow                     Hex            #.......     11%         2    None
 Inner Flame              Hex/Fire       #####...     3%          3    None
 Mephitic Cloud           Conj/Pois/Air  ###.....     7%          3    None
 Throw Icicle             Conj/Ice       #####...     11%         4    ###....
 Summon Ice Beast         Ice/Summ       ###.....     52%         4    ###....


Dungeon Overview and Level Annotations

Branches:
Dungeon (9/15)             Temple (1/1) D:6
   Lair: D:8-11         Orc: D:9-12

Altars:
Ashenzari
Cheibriados
Elyvilon
Fedhas
Gozag
Hepliaklqana
Kikubaaqudgha
Makhleb
Nemelex Xobeh
Okawaru
Qazlal
Ru
Sif Muna
Trog
Uskayaw
Vehumet
Wu Jian
Xom
Yredelemnul
Zin
The Shining One

Annotations:
D:3 Sigmund


Message History

The stone giant hits you but does no damage.
You feel very mighty all of a sudden.
The stone giant is engulfed in blazing flames.
The stone giant misses you.
You hit the stone giant but do no damage.
The stone giant is heavily wounded.
The stone giant is engulfed in blazing flames.
The stone giant hits you!!
Okay, then.
Casting: Flame Tongue (safe; 1% risk of failure)
Confirm with . or Enter, or press ? or * to list all spells.
You blink.
The stone giant is engulfed in blazing flames.
The stone giant throws a large rock.
The large rock hits you.
Casting: Blink (safe; 4% risk of failure)
Confirm with . or Enter, or press ? or * to list all spells.
You blink.
The stone giant is engulfed in blazing flames.
The stone giant hits you!!
You die...

)#...#...#..#......#..#...##
.#.......#..#......##...###
.###._.####.............#
.#.......#..#######....###
.#...#...#.###.§.##....#.##
.#...#...#..#(....#.##..).#
.'#######'..#.....#.#.....#
............#.....#.#....##
#...#....#####§.@##.......#
......#### ###C###...##..#
....### #.........##<##
....# #.(......##### ....#
.....'..8....## ##.##
.....#.......# ###
#...##.......# ####
###'##### ...


You could see a stone giant.

Vanquished Creatures
  Erolcha (D:9)
  2 two-headed ogres
  A troll (D:9)
  Prince Ribbit (D:6)
  A hippogriff (D:9)
  A spriggan (D:7)
  A wyvern (D:9)
  2 steam dragons (D:9)
  A hungry ghost (D:8)
  3 orc warriors
  An ice beast (D:8)
  2 sky beasts
  2 black bears
  5 phantoms
  4 ogres
  4 centaurs
  A crocodile (D:8)
  2 bullfrogs
  Blork the orc (D:4)
  2 scorpions
  A wyvern skeleton (D:9)
  3 wights (D:8)
  A crimson imp (D:6)
  A centaur zombie (D:7)
  A bullfrog zombie (D:7)
  4 hounds
  4 orc priests
  Crazy Yiuf (D:2)
  4 iguanas
  3 centaur skeletons
  10 orc wizards
  4 worker ants
  2 hound zombies (D:7)
  A hound skeleton (D:7)
  A howler monkey zombie (D:7)
  2 worker ant zombies
  13 adders
  17 gnolls
  A shadow imp (D:5)
  An ooze (D:5)
  An adder skeleton (D:5)
  2 worms
  3 dart slugs
  4 leopard geckos
  25 orcs
  19 giant cockroaches
  8 goblins
  4 hobgoblins (D:2)
  17 jackals
  3 kobolds
  7 quokkas
  A ball python (D:4)
  A ball python zombie (D:5)
  6 bats
  8 frilled lizards
  A jackal zombie (D:4)
  A quokka zombie (D:6)
  5 rats
  A fungus (D:2)
230 creatures vanquished.

Vanquished Creatures (others)
  An ice beast (D:9)
1 creature vanquished.

Grand Total: 231 creatures vanquished

Notes
Turn   | Place    | Note
-------+----------+-------------------------------------------
     0 | D:1      | haesbaert the Deep Elf Fire Elementalist began the quest
                  | for the Orb.
     0 | D:1      | Reached XP level 1. HP: 10/10 MP: 6/6
   191 | D:1      | Reached XP level 2. HP: 14/15 MP: 2/8
   556 | D:1      | Learned a level 2 spell: Throw Flame
   939 | D:2      | Reached XP level 3. HP: 16/19 MP: 6/10
  1168 | D:2      | Learned a level 3 spell: Conjure Flame
  1341 | D:2      | Reached XP level 4. HP: 24/24 MP: 7/12
  1853 | D:2      | Learned a level 4 spell: Sticky Flame
  1861 | D:2      | Found a shattered altar of Ashenzari.
  2404 | D:2      | Found a runed translucent door.
  2405 | D:2      | Noticed Crazy Yiuf
  2413 | D:2      | Killed Crazy Yiuf
  2413 | D:2      | Reached XP level 5. HP: 28/28 MP: 7/14
  2691 | D:3      | Reached skill level 5 in Spellcasting
  3506 | D:3      | Noticed Sigmund
  3598 | D:4      | Noticed an ogre
  3613 | D:4      | Killed an ogre
  3613 | D:4      | Reached skill level 5 in Fire Magic
  3613 | D:4      | Reached XP level 6. HP: 17/32 MP: 10/16
  4513 | D:4      | Learned a level 5 spell: Fireball
  4719 | D:4      | Got a bloodstained ring mail
  4735 | D:4      | Identified the cursed +1 ring mail of Juoph {Str+3 Slay+2}
                  | (You found it on level 4 of the Dungeon)
  4855 | D:4      | Noticed Blork the orc
  4866 | D:4      | Killed Blork the orc
  4866 | D:4      | Reached XP level 7. HP: 23/36 MP: 7/18
  5130 | D:5      | Entered Level 5 of the Dungeon
  5700 | D:5      | Reached skill level 5 in Conjurations
  6597 | D:6      | Noticed Prince Ribbit
  6612 | D:6      | Killed Prince Ribbit
  6612 | D:6      | Reached XP level 8. HP: 41/41 MP: 9/20
  6885 | D:6      | Found a blossoming altar of Fedhas.
  6941 | D:6      | Found a staircase to the Ecumenical Temple.
  6952 | Temple   | Entered the Ecumenical Temple
  6957 | Temple   | Became a worshipper of Vehumet
  8036 | D:6      | Learned a level 2 spell: Blink
  8040 | D:6      | Learned a level 3 spell: Ozocubu's Armour
  8047 | D:6      | Found a deep blue altar of Sif Muna.
  8496 | D:6      | Reached XP level 9. HP: 45/45 MP: 14/21
  8673 | D:7      | Reached skill level 1 in Charms
  8891 | D:7      | Reached skill level 1 in Ice Magic
  9004 | D:7      | Found a bloodstained altar of Trog.
  9111 | D:7      | Reached skill level 3 in Dodging
  9111 | D:7      | Reached skill level 1 in Translocations
  9568 | D:7      | Reached skill level 4 in Dodging
  9729 | D:7      | Reached * piety under Vehumet
  9729 | D:7      | Offered knowledge of Sting by Vehumet.
 10148 | D:8      | Reached skill level 5 in Dodging
 10369 | D:6      | Identified Sif Muna's Papyrus of Flames
 10470 | D:8      | Reached skill level 1 in Shields
 10496 | D:8      | Reached skill level 6 in Dodging
 11116 | D:9      | Noticed Erolcha
 11122 | D:9      | Killed Erolcha
 11122 | D:9      | Reached skill level 7 in Dodging
 11122 | D:9      | Reached XP level 10. HP: 50/50 MP: 0/22
 11292 | D:9      | Noticed a two-headed ogre
 11303 | D:9      | Killed a two-headed ogre
 11303 | D:9      | Reached skill level 8 in Dodging
 11680 | D:9      | Offered knowledge of Sandblast by Vehumet.
 11774 | D:9      | Reached ** piety under Vehumet
 11821 | D:9      | Reached skill level 9 in Dodging
 11935 | D:9      | Reached skill level 1 in Fighting
 11940 | D:9      | Noticed a two-headed ogre
 12101 | D:8      | Killed a two-headed ogre
 12101 | D:8      | Reached skill level 10 in Dodging
 12205 | D:9      | Found a sacrificial altar of Ru.
 12588 | D:9      | Found a glowing golden altar of the Shining One.
 12748 | D:9      | Noticed a stone giant
 12769 | D:9      | Mangled by a stone giant

Skill      XL: |  1  2  3  4  5  6  7  8  9 10 |
---------------+-------------------------------+-----
Conjurations   | 2 3 4 6 8 |  8.4
Spellcasting   | 4 5 6 |  6.9
Fire Magic     | 4 5 7 8 9 |  9.0
Charms         | 4 |  4.3
Ice Magic      | 1 |  1.0
Dodging        | 7 10 | 10.6
Translocations | 2 |  2.0
Shields        | 3 4 |  4.2
Fighting       | 3 |  3.5
Stealth        | |  2.4

Action                   |  1- 3 |  4- 6 |  7- 9 | 10-12 || total
-------------------------+-------+-------+-------+-------++-------
Melee: Unarmed           |    12 |       |       |       ||    12
       Short sword       |     2 |     9 |       |       ||    11
       Quarterstaff      |       |    13 |    47 |    10 ||    70
       Scimitar          |       |       |       |    14 ||    14
Throw: Tomahawk          |       |     3 |       |       ||     3
 Cast: Flame Tongue      |    65 |   101 |    87 |    11 ||   264
       Sticky Flame      |       |     8 |    31 |    15 ||    54
       Conjure Flame     |       |    10 |    14 |     4 ||    28
       Throw Flame       |       |    19 |    38 |    18 ||    75
       Fireball          |       |       |    14 |    12 ||    26
       Ozocubu's Armour  |       |       |     8 |     2 ||    10
       Blink             |       |       |       |     4 ||     4
Evoke: Wand              |       |     1 |       |     3 ||     4
  Use: Scroll            |       |     6 |     8 |       ||    14
       Potion            |       |     1 |     3 |     1 ||     5
 Stab: Paralysed         |       |       |       |     1 ||     1
  Eat: Chunk             |     1 |    12 |    22 |     6 ||    41
       Ration            |       |       |     1 |     1 ||     2
Armor: Robe              |    17 |     9 |    24 |     3 ||    53
       Steam dragon scal |       |       |       |     7 ||     7
Dodge: Dodged            |    56 |    45 |    72 |    48 ||   221
Block: Buckler           |       |       |       |     5 ||     5
       Rpst.: Scimitar   |       |       |       |     5 ||     5
